 Dungeon Crawl Stone Soup version 0.29.1-2-gbd0b4ee654 (webtiles) character file.

Game seed: 12487083206180944278

940 zermelo the Cleaver (level 7, -9/57 HPs)
             Began as a Minotaur Berserker on Dec 1, 2022.
             Was an Elder of Trog.
             Mangled by a gnoll
             ... wielding a +1 halberd of freezing
              (12 damage)
             ... on level 5 of the Dungeon.
             The game lasted 00:25:00 (4923 turns).

zermelo the Cleaver (Minotaur Berserker)            Turns: 4923, Time: 00:25:01

Health: -9/57      AC: 13    Str: 24    XL:     7   Next: 88%
Magic:  6/6        EV:  6    Int:  4    God:    Trog [****..]
Gold:   113        SH:  2    Dex:  9    Spells: 6/6 levels left

rFire   . . .      SeeInvis .   u - +2 broad axe (elec)
rCold   . . .      Faith    .   s - +0 buckler
rNeg    . . .      Spirit   .   o - +0 plate armour
rPois   .          Reflect  .   (helmet restricted)
rElec   .          Harm     .   (no cloak)
rCorr   .          Rampage  .   (no gloves)
Will    .....                   b - +1 pair of boots
Stlth   ..........              (no amulet)
HPRegen 0.19/turn               (no ring)
MPRegen 0.10/turn               (no ring)

@: no status effects
A: horns 2, retaliatory headbutt
a: Renounce Religion, Berserk, Trog's Hand, Brothers in Arms


You were on level 5 of the Dungeon.
You worshipped Trog.
Trog was greatly pleased with you.
You visited 1 branch of the dungeon, and saw 5 of its levels.
You also visited: Sewer.

You collected 260 gold pieces.
You spent 147 gold pieces at shops.

Inventory:

Hand Weapons
 u - a +2 broad axe of electrocution (weapon)
Missiles
 x - 6 javelins (quivered)
Armour
 b - a +1 pair of boots (worn)
 g - an orb of wrath
 o - a +0 plate armour (worn)
 s - a +0 buckler (worn)
Jewellery
 B - a ring of magical power
Wands
 D - a wand of flame (10)
 G - a wand of roots (8)
Scrolls
 c - a scroll of vulnerability {unknown}
 d - a scroll of brand weapon {unknown}
 e - a scroll of amnesia {unknown}
 f - 4 scrolls of enchant weapon {unknown}
 h - a scroll of acquirement {unknown}
 i - 4 scrolls of teleportation {unknown}
 l - 3 scrolls of identify {unknown}
 n - 2 scrolls of enchant armour {unknown}
 p - 2 scrolls of magic mapping {unknown}
 r - a scroll of torment {unknown}
 t - 3 scrolls of blinking {unknown}
 v - a scroll of butterflies {unknown}
 w - a scroll of silence {unknown}
 y - a scroll of fear {unknown}
 E - a scroll of poison {unknown}
Potions
 a - 2 potions of heal wounds {unknown}
 j - a potion of flight {unknown}
 k - 3 potions of brilliance {unknown}
 m - 2 potions of might {unknown}
 q - 2 potions of curing {unknown}
 z - 4 potions of mutation {unknown}
 A - a potion of invisibility {unknown}
 C - 2 potions of ambrosia {unknown}
 F - a potion of lignification {unknown}


   Skills:
 - Level 3.6 Fighting
 + Level 11.4 Axes
 - Level 2.4 Armour
 - Level 2.1 Dodging


You had 6 spell levels left.
You didn't know any spells.
Your spell library was empty.

Dungeon Overview and Level Annotations

Branches:
Dungeon (5/15)             Temple (0/1) D:4           Sewer (visited)

Altars:
Elyvilon
Uskayaw
Xom
Zin
The Shining One

Shops:
D:1 (   D:3 (   D:4 [


Innate Abilities, Weirdness & Mutations

You have a pair of horns on your head.
You reflexively headbutt those who attack you in melee.


Message History

A gnoll comes into view.
It is wielding a +1 halberd of freezing.
A gnoll comes into view. It is wielding a +0 halberd.
The gnoll shouts!
You hear a shout!
The gnoll throws a stone.
The stone barely misses you.
The gnoll shouts!
The gnoll throws a stone.
The stone hits you but does no damage.
A gnoll comes into view.
It is wielding a +2 flail of protection.
The gnoll shouts!
The gnoll throws a stone.
The stone closely misses you.
The gnoll hits you from afar with a +0 halberd.
The gnoll closely misses you. The gnoll hits you with a +0 halberd!
The gnoll hits you from afar with a +1 halberd of freezing!
The gnoll freezes you.
You slash the gnoll!
The gnoll is almost dead.
You closely miss the gnoll.
The gnoll hits you but does no damage. x2
The gnoll hits you with a +0 halberd!
The gnoll hits you from afar with a +1 halberd of freezing.
The gnoll freezes you.
You slash the gnoll! Lightning courses through the gnoll!
You kill the gnoll!
Trog accepts your kill.
You hit the gnoll but do no damage. Lightning courses through the gnoll!
You block the gnoll's attack. The gnoll hits you but does no damage.
The gnoll barely misses you.
You closely miss the gnoll.
The gnoll is severely wounded.
The gnoll hits you with a +2 flail of protection.
* * * LOW HITPOINT WARNING * * *
The gnoll barely misses you.
The gnoll hits you from afar with a +0 spear!
* * * LOW HITPOINT WARNING * * *
Okay, then.
The gnoll attacks as you move away!
The gnoll hits you with a +2 flail of protection.
* * * LOW HITPOINT WARNING * * *
There is a stone staircase leading down here.
You can't go up here!
The gnoll hits you from afar with a +1 halberd of freezing!
You die...

##.............# ##...
##..........#..# #....
##...........#..##....
#...##............^...
###..###...............
#......#......#g>##...
#..........#..#g######
##.........#..#g..#####
##............@......#
#......................
#.................###...
####...................#
##...#..............## ..
##............##..#..## ...
#......#.......##.....# ...
#..##..#.....#..# ....##.##
######......##..###.......#


You could see 3 gnolls.

Vanquished Creatures
  Sigmund (D:2)
  An ice beast (D:5)
  An ogre (D:5)
  2 bullfrogs (Sewer)
  2 scorpions (D:4)
  An iguana (D:4)
  6 gnolls
  4 river rats
  14 adders
  A worm (D:2)
  A dart slug (D:1)
  2 bats
  11 endoplasms
  7 giant cockroaches
  8 goblins
  5 hobgoblins
  10 jackals
  11 kobolds
  6 quokkas
  20 ball pythons
  4 frilled lizards
  31 rats
149 creatures vanquished.

Notes
Turn   | Place    | Note
-------+----------+-------------------------------------------
     0 | D:1      | zermelo the Minotaur Berserker began the quest for the Orb.
     0 | D:1      | Reached XP level 1. HP: 19/19 MP: 0/0
    86 | D:1      | Reached skill level 4 in Axes
    96 | D:1      | Reached XP level 2. HP: 5/26 MP: 1/1
   694 | D:1      | Reached skill level 5 in Axes
   747 | D:1      | Found a hide-covered altar of Uskayaw.
   749 | D:1      | Reached XP level 3. HP: 29/31 MP: 2/2
   753 | D:1      | Reached ** piety under Trog
  1199 | D:1      | Found Qiunle's Antique Weapon Shoppe.
  1429 | D:2      | Noticed Sigmund
  1676 | D:2      | Killed Sigmund
  1677 | D:2      | Reached skill level 7 in Axes
  1677 | D:2      | Reached XP level 4. HP: 39/39 MP: 3/3
  1677 | D:2      | Reached XP level 5. HP: 45/45 MP: 4/4
  2345 | D:2      | Reached skill level 8 in Axes
  2696 | D:1      | Bought a glowing broad axe for 147 gold pieces
  2831 | D:3      | Reached XP level 6. HP: 48/51 MP: 5/5
  2905 | D:3      | Found a glowing drain.
  2919 | Sewer    | Entered a sewer
  3089 | Sewer    | Reached *** piety under Trog
  3293 | Sewer    | Reached **** piety under Trog
  3294 | Sewer    | Reached skill level 9 in Axes
  3301 | Sewer    | Reached XP level 7. HP: 57/57 MP: 6/6
  3581 | D:3      | Found Gurphir's Weapon Emporium.
  3922 | D:4      | Found a white marble altar of Elyvilon.
  3923 | D:4      | Found a glowing silver altar of Zin.
  3970 | D:4      | Reached skill level 10 in Axes
  4137 | D:4      | Found a staircase to the Ecumenical Temple.
  4208 | D:4      | Found Kumis's Armour Emporium.
  4427 | D:4      | Found a shimmering altar of Xom.
  4471 | D:4      | Found a glowing golden altar of the Shining One.
  4643 | D:5      | Entered Level 5 of the Dungeon
  4674 | D:5      | Reached skill level 11 in Axes
  4922 | D:5      | HP: 2/57 [gnoll/+2 flail of protection (6)]
  4923 | D:5      | Mangled by a gnoll

Illustrated notes

Levels and vault maps discovered:
D:1:      minmay_arrival_hallway, layout_basic, serial_shops, shop,
          minmay_hexomino_r4
D:2:      minmay_alternating_diamond, layout_basic, nrook_mini_vaults,
          uniq_sigmund
D:3:      layout_basic, serial_shops, shop, portal_sewer_entry_e
D:4:      layout_loops_ring, good_gods_temple_1, lemuel_tele_altar,
          minmay_temple_entry_statues_pillars, serial_shops,
          nicolae_shop_temple_entry_statues_fountains, kennysheep_generic_room_6
D:5:      layout_cave_pools, uniq_grinder, uniq_edmund, uniq_ijyb

Skill      XL: |  1  2  3  4  5  6  7 |
---------------+----------------------+-----
Axes           | 4 5 7 8 9 11 | 11.4
Fighting       | |  3.6
Armour         | |  2.4
Dodging        | |  2.1

Action                   |  1- 3 |  4- 6 |  7- 9 || total
-------------------------+-------+-------+-------++-------
Melee: Hand axe          |    40 |    59 |       ||    99
       Headbutt          |     5 |    24 |     8 ||    37
       Broad axe         |       |    84 |    50 ||   134
Invok: Berserk           |     2 |     1 |       ||     3
 Stab: Sleeping          |     1 |       |       ||     1
Armor: Animal skin       |     5 |       |       ||     5
       Plate armour      |       |   114 |    28 ||   142
Dodge: Dodged            |    31 |    41 |    16 ||    88
Block: Buckler           |       |    10 |     4 ||    14
